[Event "Early-Titled-Tuesday-Blitz-January-23-2024"]
[Site "Chess.com"]
[Date "2024.01.23"]
[Round "2"]
[White "IsaqueGoncalvesSanto"]
[Black "19912131712118"]
[Result "0-1"]
[WhiteElo "1794"]
[BlackElo "2433"]
[TimeControl "180+1"]
[EndTime "8:16:43 PST"]
[Termination "19912131712118 won on time"]

1. d4 d5 2. c4 dxc4 3. Nc3 Nf6 4. e3 e6 5. Bxc4 c5 6. Nf3 a6 7.
a4 Be7 8. O-O O-O 9. d5 exd5 10.
Nxd5 Nxd5 11. Bxd5 Nd7 12. Qc2 Nf6 13. Bc4 b6 14.
Rd1 Qc7 15. b3 Bb7 16. Bb2 Rad8 17. Be5 Qc8 18. Bd3 h6 19. Bf5 Qa8 20. Ne1 Rd5 21. Bc7 Qa7 22. e4 Rxd1 23. Rxd1 Bxe4 24. Bxe4 Qxc7 25.
Bf5 Rd8 26. Rc1 Qf4 27. Bh3 Rd2 28. Qf5 Rxf2 29. Qxf4 Rxf4 30. Nd3 Rd4 31. Ne5 Bd6 32. Nc6 Rd2 33. Re1 g5 34. Bf5 Kg7 35. g3 Nd5 0-1

[Event "Early-Titled-Tuesday-Blitz-January-23-2024"]
[Site "Chess.com"]
[Date "2024.01.23"]
[Round "2"]
[White "arenal72"]
[Black "tptagain"]
[Result "0-1"]
[WhiteElo "2600"]
[BlackElo "2908"]
[TimeControl "180+1"]
[EndTime "8:16:45 PST"]
[Termination "tptagain won by checkmate"]

1. Nf3 d5 2. g3 c5 3. Bg2 Nf6 4. O-O e6 5. d4 cxd4 6. Nxd4 e5 7. Nb3 Be7 8. Bg5 Be6 9. Nc3 Nbd7 10. e4 dxe4 11. Nxe4 Nxe4 12. Bxe7 Qxe7 13. Bxe4 Nf6 14. Qe2 O-O 15. Bg2 Bf5 16. c3 Rad8 17. Rad1 b6 18. h3 h5 19. Rfe1 Rfe8 20. Rxd8 Qxd8 21. Rd1 Qc7 22.
Qd2 Qc8 23. Kh2 Be4 24. Bxe4 Nxe4 25. Qe3 Qf5 26. Kg2 Ng5 27. h4 Qh3+ 28. Kg1 Qg4 29. Rc1 Nf3+ 30. Kf1 Rd8 31. Qe2 Qh3# 0-1

[Event "Early-Titled-Tuesday-Blitz-January-23-2024"]
[Site "Chess.com"]
[Date "2024.01.23"]
[Round "2"]
[White "vova-79"]
[Black "MrTattaglia"]
[Result "0-1"]
[WhiteElo "2572"]
[BlackElo "2863"]
[TimeControl "180+1"]
[EndTime "8:16:45 PST"]
[Termination "MrTattaglia won by resignation"]

1. d4 Nf6 2. c4 c5 3. Nf3 cxd4 4. Nxd4 e6 5. g3 d5 6. Bg2 e5 7. Nf3 d4 8. O-O Nc6 9. e3 Be7 10. exd4 exd4 11. Re1 Be6 12. b3 O-O 13. Bb2 Bc5 14.
a3 a5 15. Nbd2 Bg4 16. h3 Bh5 17. g4 Bg6 18. Nf1 d3 19. Ne3 Re8 20. Nh4 Qb6 21. Nxg6 Bxe3 22. fxe3 Rxe3 23. Kh1 hxg6 24. Qd2 Rxe1+ 25.
Rxe1 Qxb3 26. Qc3 Qxc3 27. Bxc3 Rd8 28. Kg1 Nd7 29. Bd5 a4 30. Rd1 Nc5 31. Rf1 Rd7 32. Kf2 Ne7 33. Bf3 g5 34. Ke3 Ng6 35. Bb4 Ne6 36.
Bd5 Ngf4 37. Rd1 Nxd5+ 38. cxd5 Nf4 39. Rxd3 Nxd3 40. Kxd3 Rxd5+ 0-1

[Event "Early-Titled-Tuesday-Blitz-January-23-2024"]
[Site "Chess.com"]
[Date "2024.01.23"]
[Round "2"]
[White "Slovineanu"]
[Black "Andrey_Klymchuk"]
[Result "0-1"]
[WhiteElo "2408"]
[BlackElo "2772"]
[TimeControl "180+1"]
[EndTime "8:16:45 PST"]
[Termination "Andrey_Klymchuk won by resignation"]

1. d4 Nf6 2. Nf3 g6 3. Nbd2 Bg7 4. e4 d6 5. Bd3 O-O 6. O-O Nc6 7. Re1 e5 8. dxe5 dxe5 9. a4 Nh5 10. g3 Bg4 11. Be2 Re8 12. c3 Qc8 13. Nc4 a5 14. Ne3 Rd8 15. Qc2 Bd7 16. Ng5 Nf6 17. Bc4 Be8 18. Nd5 Nxd5 19. Bxd5 Rd6 20. Nf3 Nd8 21.
b3 Qg4 22. Qe2 c6 23. Bc4 Ne6 24. Bxe6 Qxe6 25. Ba3 Rd7 26. Qc2 Rad8 27. Rad1 f6 28. Kg2 g5 29. Rxd7 Rxd7 30. Rd1 Bg6 31. Rxd7 Qxd7 32. Nd2 b5 33. f3 h5 34. h3 g4 35.
hxg4 hxg4 36. Bc5 gxf3+ 37. Nxf3 Qg4 38. Nd2 Bh6 39. Qd3 Bxd2 40. Qd8+ Kg7 41. Qd7+ Qxd7 0-1

[Event "Early-Titled-Tuesday-Blitz-January-23-2024"]
[Site "Chess.com"]
[Date "2024.01.23"]
[Round "2"]
[White "ama18"]
[Black "flomarechot"]
[Result "1-0"]
[WhiteElo "2521"]
[BlackElo "2263"]
[TimeControl "180+1"]
[EndTime "8:16:45 PST"]
[Termination "ama18 won on time"]

1. Nf3 Nf6 2. g3 g6 3. b3 Bg7 4. Bb2 O-O 5. Bg2 d6 6. d4 Nbd7 7. O-O e5 8. dxe5 Ng4 9. c4 Ngxe5 10. Nxe5 Nxe5 11. Nc3 c6 12. Qd2 Qc7 13. h3 Re8 14. f4 Nd7 15. e4 a5 16. Rad1 Bf8 17.
Ba3 Nc5 18. Rfe1 Qb6 19. Qf2 Bg7 20. e5 Bf5 21. Rxd6 Nd7 22. g4 Be6 23. Qxb6 Nxb6 24.
Ne4 Bf8 25. Nf6+ Kh8 26. Nxe8 Rxe8 27. Red1 Bxd6 28. Bxd6 Rd8 29. Bf3 Kg8 30. Bc7 Rxd1+ 31.
Bxd1 Nd7 32. Bxa5 Nc5 33. Bc2 f5 34. exf6 h6 35. Kf2 Kf7 36. g5 hxg5 37. fxg5 Bxh3 38. Kg3 Be6 39. Kf4 Nd7 40. Bc7 Bh3 41. Bd1 Bf5 42.
Bf3 1-0

[Event "Early-Titled-Tuesday-Blitz-January-23-2024"]
[Site "Chess.com"]
[Date "2024.01.23"]
[Round "2"]
[White "ViIIagra"]
[Black "Skatchkov_V"]
[Result "1-0"]
[WhiteElo "2978"]
[BlackElo "2622"]
[TimeControl "180+1"]
[EndTime "8:16:46 PST"]
[Termination "ViIIagra won on time"]

1. c3 d5 2. g3 Nc6 3. Bg2 Bf5 4. Qb3 e6 5. Qxb7 Na5 6. Qa6 Nc4 7. e4 Bg6 8. exd5 Ne5 9. Be4 Bxe4 10. Qa4+ c6 11.
Qxe4 Qxd5 12. Qxd5 exd5 13. Ke2 Nf6 14. d4 Nc4 15. b3 Nd6 16. f3 Kd7 17. Kd3 Re8 18. Ne2 h5 19. Na3 Nf5 20. Nc2 Bd6 21.
Bd2 h4 22. g4 Ne4 23. fxe4 dxe4+ 24. Kc4 Ne7 25. Ne3 Nd5 26. Nxd5 cxd5+ 27. Kxd5 Rc8 28. Kxe4 1-0

[Event "Early-Titled-Tuesday-Blitz-January-23-2024"]
[Site "Chess.com"]
[Date "2024.01.23"]
[Round "2"]
[White "HanSchut"]
[Black "Kotlyar_K"]
[Result "0-1"]
[WhiteElo "2248"]
[BlackElo "2505"]
[TimeControl "180+1"]
[EndTime "8:16:47 PST"]
[Termination "Kotlyar_K won on time"]

1. e4 e5 2. Nf3 Nc6 3. Bc4 Nf6 4. d4 exd4 5. e5 d5 6. Bb5 Ne4 7. Nxd4 Bc5 8. Be3 O-O 9. Nxc6 bxc6 10.
Bxc5 Nxc5 11. Bxc6 Rb8 12. Qxd5 Qe7 13. O-O Rxb2 14. Nc3 Rxc2 15. Qd4 Ne6 16. Qd3 Rb2 17. Nd5 Qg5 18. g3 Qxe5 19. Rae1 Qd6 20. Qc3 Rxa2 21. Rd1 Qc5 22. Qe5 f6 23. Qe4 Ng5 24. Qg2 Bh3 25. Qh1 Bxf1 26. Rxf1 Kh8 27. h4 Qxc6 28. hxg5 fxg5 0-1

[Event "Early-Titled-Tuesday-Blitz-January-23-2024"]
[Site "Chess.com"]
[Date "2024.01.23"]
[Round "2"]
[White "RCone"]
[Black "maurovargas01"]
[Result "1-0"]
[WhiteElo "2435"]
[BlackElo "1839"]
[TimeControl "180+1"]
[EndTime "8:16:47 PST"]
[Termination "RCone won on time"]

1. e4 c5 2. Nc3 d6 3. f4 a6 4.
Nf3 Nc6 5. d4 cxd4 6. Nxd4 Bd7 7. Be3 g6 8. Qf3 Bg7 9. O-O-O Nf6 10. h3 O-O 11. g4 Rc8 12. Nb3 b5 13. g5 Nh5 14.
Nd5 a5 15. Nb6 Qc7 16. Nxd7 Qxd7 17. Bxb5 Qc7 18. Kb1 Nb4 19. c3 Bxc3 20. bxc3 Qxc3 21. Rh2 Nd3 22. Rxd3 Qb4 23. a4 Rc7 24. Bd2 Qa3 25.
Bxa5 Rfc8 26. Bxc7 Rxc7 27. Rc3 Rxc3 28. Qxc3 1-0

[Event "Early-Titled-Tuesday-Blitz-January-23-2024"]
[Site "Chess.com"]
[Date "2024.01.23"]
[Round "2"]
[White "FMVolodymyrSakun"]
[Black "NM_Antelacus"]
[Result "1/2-1/2"]
[WhiteElo "2569"]
[BlackElo "2182"]
[TimeControl "180+1"]
[EndTime "8:16:48 PST"]
[Termination "Game drawn by repetition"]

1. e4 c5 2. Nf3 Nc6 3. b3 d5 4. exd5 Qxd5 5. Bb2 Nf6 6. Bc4 Qd6 7. O-O Bg4 8. h3 Bh5 9. Be2 e6 10. Na3 Be7 11.
Nc4 Qc7 12. Nce5 Nxe5 13. Nxe5 Bxe2 14. Qxe2 O-O 15. d3 Nd5 16. Rae1 Bf6 17. f4 Ne7 18. g4 Nc6 19. g5 Bxe5 20. fxe5 Nd4 21. Qg2 Qc6 22.
Qxc6 Nxc6 23. Re4 Rad8 24. a4 Rd5 25. Kf2 Rfd8 26. Ke2 Nd4+ 27. Bxd4 cxd4 28. Kd2 R8d7 29. Rff4 Rd8 30. h4 R8d7 31. Rg4 Kf8 32. h5 Rd8 33. h6 g6 34. Rgf4 R8d7 35. Re2 Ke8 36. Ree4 Kd8 37. Rf3 Re7 38. c3 dxc3+ 39. Kxc3 Rc7+ 40.
Kd2 Rcd7 41. Kc3 Rc7+ 42. Kd2 Rcd7 43. Ke2 Rc7 44. Kd2 1/2-1/2

[Event "Early-Titled-Tuesday-Blitz-January-23-2024"]
[Site "Chess.com"]
[Date "2024.01.23"]
[Round "2"]
[White "Bkmzzzzz"]
[Black "grzechu96"]
[Result "0-1"]
[WhiteElo "2396"]
[BlackElo "2702"]
[TimeControl "180+1"]
[EndTime "8:16:49 PST"]
[Termination "grzechu96 won by checkmate"]

1. e4 c5 2. Nf3 d6 3. d4 cxd4 4. Qxd4 a6 5. Be3 Nc6 6. Qb6 Qxb6 7. Bxb6 Nf6 8. Nc3 Bg4 9. O-O-O Bxf3 10. gxf3 Nd7 11. Nd5 Nxb6 12. Nxb6 Rd8 13. c4 g6 14. Nd5 Bg7 15. Nc7+ Kd7 16. Nd5 e6 17. Ne3 Be5 18. Kb1 Ke7 19. Be2 Nd4 20. Rd2 Nxe2 21. Rxe2 Rc8 22. h3 Rc5 23. Rc1 Rhc8 24. b3 Bf4 25. Rec2 Rh5 26. Rh1 Rg5 27. Kb2 Bxe3 28. fxe3 Rg3 29.
Rf2 Rc5 30. Kc3 Rh5 31. h4 g5 32. Rfh2 Rxf3 33. hxg5 Rxg5 34. Rxh7 Rxe3+ 35. Kd4 Rgg3 36. Rd1 e5+ 37. Kd5 Rd3+ 38. Rxd3 Rxd3# 0-1

[Event "Early-Titled-Tuesday-Blitz-January-23-2024"]
[Site "Chess.com"]
[Date "2024.01.23"]
[Round "2"]
[White "Kiborg95"]
[Black "nickmatta"]
[Result "1-0"]
[WhiteElo "2864"]
[BlackElo "2574"]
[TimeControl "180+1"]
[EndTime "8:16:52 PST"]
[Termination "Kiborg95 won by resignation"]

1. e4 c5 2. Nc3 Nc6 3. Nge2 e5 4. Ng3 Nf6 5. Bc4 a6 6. a4 g6 7. d3 Bg7 8. O-O O-O 9. f4 exf4 10. Bxf4 d6 11. Qd2 Ng4 12. Bg5 Qb6 13. Rab1 Be6 14. Nd5 Bxd5 15. Bxd5 h6 16. Bf4 Nb4 17. h3 Nxd5 18.
exd5 c4+ 19. Kh1 Ne5 20. d4 Nd7 21. c3 Kh7 22. Qe2 Nf6 23. Qxc4 Rac8 24. Qa2 Rfe8 25. Rbe1 h5 26. Bg5 Rxe1 27. Rxe1 Qa5 28. Rf1 Nxd5 29. Rxf7 Nxc3 30. bxc3 Qxg5 31. Ne4 Qc1+ 32. Kh2 Qe3 33. Qe6 Kh6 34. Qxc8 Qxe4 35. Qg8 Be5+ 36. dxe5 Qxe5+ 37. Kg1 Qe1+ 38. Rf1 Qe3+ 39. Kh1 Qxc3 40. Qf8+ 1-0

[Event "Early-Titled-Tuesday-Blitz-January-23-2024"]
[Site "Chess.com"]
[Date "2024.01.23"]
[Round "2"]
[White "YurasovMat-2012"]
[Black "SantoBlue"]
[Result "1-0"]
[WhiteElo "2622"]
[BlackElo "2922"]
[TimeControl "180+1"]
[EndTime "8:16:53 PST"]
[Termination "YurasovMat-2012 won by checkmate"]

1. e4 d6 2. d4 Nf6 3. Nc3 e5 4. Nf3 Nbd7 5. Bc4 Be7 6. O-O O-O 7. a3 c6 8. dxe5 Nxe5 9. Nxe5 dxe5 10. h3 Bc5 11. Qxd8 Rxd8 12. Bg5 h6 13. Bh4 Bd4 14. Rad1 g5 15. Bg3 Be6 16. Bd3 Nh5 17. Bh2 Nf4 18.
Bxf4 gxf4 19. Ne2 Bxb2 20. Rb1 Bxa3 21. Rxb7 a5 22. Ra1 Bc5 23. Ra4 Kg7 24. Kf1 Kf6 25. Ng1 Rdb8 26. Rxb8 Rxb8 27. Rxa5 Rb1+ 28. Ke2 Bb4 29. Ra4 c5 30. c3 c4 31. Bxb1 Bxc3 32.
Nf3 Bb2 33. Ne1 c3 34. Ba2 Bd7 35. Ra6+ Kg5 36. Nf3+ Kh5 37. Bxf7# 1-0

[Event "Early-Titled-Tuesday-Blitz-January-23-2024"]
[Site "Chess.com"]
[Date "2024.01.23"]
[Round "2"]
[White "DvaHrasta"]
[Black "Meri-Arabidze"]
[Result "0-1"]
[WhiteElo "2413"]
[BlackElo "2715"]
[TimeControl "180+1"]
[EndTime "8:16:55 PST"]
[Termination "Meri-Arabidze won on time"]

1. c4 e5 2. g3 Nc6 3. Bg2 g6 4.
Nc3 Bg7 5. Nf3 d6 6. O-O Nf6 7.
d3 O-O 8. Rb1 h6 9. b4 a6 10. a4 Be6 11. b5 axb5 12. axb5 Ne7 13. Ne1 c6 14. e4 Nd7 15. Nc2 Nc5 16. Nb4 Kh7 17. Be3 Qd7 18. Ra1 Rxa1 19. Qxa1 f5 20. Qa7 Nb3 21. bxc6 bxc6 22. Qxd7 Bxd7 23. Rb1 Nd4 24.
Na6 Bc8 25. Nc7 f4 26. Bxd4 exd4 27. Na4 f3 28. Bf1 g5 29. h3 Ng6 30. Rb8 Ne5 31. c5 dxc5 32. Nxc5 Bd7 33. Nxd7 Nxd7 34.
Rxf8 Bxf8 35. Ne6 Bg7 36. Nxg7 Kxg7 37. g4 Kf6 38. Kh2 Ne5 39. Kg3 Ke6 40. h4 Kd6 41. hxg5 hxg5 0-1

[Event "Early-Titled-Tuesday-Blitz-January-23-2024"]
[Site "Chess.com"]
[Date "2024.01.23"]
[Round "2"]
[White "lularobs"]
[Black "Titus369"]
[Result "0-1"]
[WhiteElo "1575"]
[BlackElo "2658"]
[TimeControl "180+1"]
[EndTime "8:16:56 PST"]
[Termination "Titus369 won on time"]

1. e4 c5 2. d4 cxd4 3. c3 g6 4. cxd4 d5 5. e5 Bg7 6. Nc3 Nc6 7.
f4 Nh6 8. Be3 f6 9. Nf3 O-O 10.
Qb3 e6 11. Be2 fxe5 12. fxe5 Nf5 13. Bf2 Bh6 14. O-O Be3 15. Bxe3 Nxe3 16. Nb5 Nxf1 17. Rxf1 Qb6 18. Rd1 a6 19. Nd6 Qxb3 20. axb3 b5 21. Ng5 Bd7 22. b4 h6 23. Nf3 Nxb4 24. h3 Ra7 25. Kh2 Rc7 26. Rf1 Rc2 27. Bd1 Rxb2 28.
Nh4 Rxf1 0-1

[Event "Early-Titled-Tuesday-Blitz-January-23-2024"]
[Site "Chess.com"]
[Date "2024.01.23"]
[Round "2"]
[White "anasta10"]
[Black "kai_nov"]
[Result "1-0"]
[WhiteElo "2525"]
[BlackElo "2296"]
[TimeControl "180+1"]
[EndTime "8:16:57 PST"]
[Termination "anasta10 won by checkmate"]

1. d4 d5 2. c4 e6 3. Nc3 Be7 4. cxd5 exd5 5. Bf4 Nf6 6. e3 O-O 7. Bd3 c6 8. Qc2 Be6 9. Nf3 b5 10. h3 b4 11. Na4 Bd6 12. Bxd6 Qxd6 13. Nc5 Nbd7 14.
Rc1 Nxc5 15. Qxc5 Qxc5 16. Rxc5 Rfc8 17. Ne5 Nd7 18. Nxd7 Bxd7 19. Kd2 a5 20. Rhc1 Ra7 21. Be2 g6 22. Bg4 f5 23. Bf3 Rb8 24. g4 b3 25.
a3 Kf7 26. Rg1 fxg4 27. Bxg4 Bxg4 28. hxg4 Rb6 29. Rgc1 Raa6 30. Rh1 Kg7 31. Rh3 Rb5 32. Rc1 Rab6 33. Rch1 c5 34. Rxh7+ Kf6 35. Rc1 c4 36.
Kc3 Kg5 37. Rg1 Rf6 38. f4+ Rxf4 39. exf4+ Kxf4 40. g5 Rb6 41. Rf7+ Ke4 42. Re1# 1-0

[Event "Early-Titled-Tuesday-Blitz-January-23-2024"]
[Site "Chess.com"]
[Date "2024.01.23"]
[Round "2"]
[White "Chessdreamer2020"]
[Black "Gabrielian_Artur"]
[Result "0-1"]
[WhiteElo "2545"]
[BlackElo "2796"]
[TimeControl "180+1"]
[EndTime "8:16:58 PST"]
[Termination "Gabrielian_Artur won by checkmate"]

1. e4 c5 2. d4 cxd4 3. Qxd4 Nc6 4. Qd3 g6 5. Nc3 Bg7 6. Nf3 d6 7. Be2 Nf6 8. O-O O-O 9. Bg5 Be6 10. Nd5 Nxd5 11. exd5 Nb4 12. Qb3 Nxd5 13. Bc4 Nc7 14. Bxe6 Nxe6 15. Qxb7 Nxg5 16. Nxg5 e6 17. Ne4 d5 18.
Nc3 Rb8 19. Qxa7 Rxb2 20. Qa3 Rxc2 21. Rac1 Rxc1 22. Rxc1 Qa8 23. Qb3 Rc8 24. Ne2 Rb8 25. Qg3 Rb2 26. Nc3 Bxc3 27. Qxc3 Rxa2 28. h4 h5 29. Qf6 Qf8 30. Rc7 Ra8 31. Rd7 Qg7 32. Qg5 Qd4 33. Qe7 Ra1+ 34. Kh2 Qf4+ 35. Kh3 Rh1# 0-1

[Event "Early-Titled-Tuesday-Blitz-January-23-2024"]
[Site "Chess.com"]
[Date "2024.01.23"]
[Round "2"]
[White "Zhigalko_Sergei"]
[Black "TheCount"]
[Result "1-0"]
[WhiteElo "2973"]
[BlackElo "2616"]
[TimeControl "180+1"]
[EndTime "8:16:59 PST"]
[Termination "Zhigalko_Sergei won by resignation"]

1. e4 c5 2. Nf3 Nc6 3. c3 Nf6 4. e5 Nd5 5. Bc4 e6 6. d4 cxd4 7. cxd4 d6 8. O-O Be7 9. Bd2 O-O 10. Nc3 Nb6 11. Bb3 dxe5 12. dxe5 Qc7 13. Qe2 Rd8 14.
Rad1 Bd7 15. Nb5 Qb8 16. Bc2 a6 17. Nd6 g6 18. Bg5 Nd5 19. Bxe7 Ncxe7 20. Ng5 Be8 21. Qf3 Rxd6 22. exd6 Qxd6 23. Rfe1 Rc8 24. Bb3 Qb4 25.
Re4 Qc5 26. Rc4 Qb5 27. Rxc8 Nxc8 28. Bxd5 exd5 29. Qxd5 Qc5 30. Qxc5 1-0

[Event "Early-Titled-Tuesday-Blitz-January-23-2024"]
[Site "Chess.com"]
[Date "2024.01.23"]
[Round "2"]
[White "NMJeevanK"]
[Black "lucliasco"]
[Result "0-1"]
[WhiteElo "2588"]
[BlackElo "2890"]
[TimeControl "180+1"]
[EndTime "8:16:59 PST"]
[Termination "lucliasco won on time"]

1. e4 c6 2. Nf3 d5 3. exd5 cxd5 4.
d4 Nc6 5. Bd3 g6 6. c3 Bg7 7.
O-O Bf5 8. Re1 Bxd3 9. Qxd3 Nf6 10. Bf4 O-O 11. Nbd2 Nh5 12. Be3 Qc7 13. Nb3 b6 14. Rac1 a5 15. c4 Nb4 16. Qb1 dxc4 17. Nbd2 b5 18. b3 c3 19. Ne4 c2 20. Qa1 Nd3 21. Nc5 Nxe1 22. Nxe1 e5 23. Nxc2 exd4 24. Nxd4 Rad8 25.
Nxb5 Qb8 26. Nc3 Rfe8 27. Qb1 Nf4 28. Bxf4 Qxf4 29. N3a4 Rd2 30. Rf1 Rxf2 31. Rxf2 Bd4 32. Nd3 Bxf2+ 33. Nxf2 Qd2 34. Nd3 Qe3+ 35. Kh1 Qxd3 36.
Qg1 Qd2 0-1

[Event "Early-Titled-Tuesday-Blitz-January-23-2024"]
[Site "Chess.com"]
[Date "2024.01.23"]
[Round "2"]
[White "ChainedDowntohell"]
[Black "bascheyaro"]
[Result "1-0"]
[WhiteElo "2564"]
[BlackElo "2784"]
[TimeControl "180+1"]
[EndTime "8:16:59 PST"]
[Termination "ChainedDowntohell won by checkmate"]

1. d4 d5 2. c4 c6 3. Nf3 Nf6 4. Bf4 Bf5 5. e3 e6 6. Nc3 Nbd7 7. Qb3 Qb6 8. c5 Qxb3 9. axb3 a6 10. b4 Rc8 11. h3 Be7 12. Nd2 Bd8 13. Nb3 Bc7 14. Bxc7 Rxc7 15. b5 Bc2 16. b6 Rc8 17. Na5 Rb8 18.
Na2 Ba4 19. Nb4 Bb5 20. Bxb5 cxb5 21. f3 O-O 22. Kd2 Rfc8 23. g4 Kf8 24. Rhc1 Ng8 25. e4 dxe4 26. fxe4 e5 27. Nxb7 exd4 28. Rxa6 Ne7 29. c6 Nxc6 30. Rxc6 Re8 31. Nd6 Re6 32.
b7 Ke7 33. Nd5+ Kd8 34. Rc8+ Rxc8 35. bxc8=R# 1-0

[Event "Early-Titled-Tuesday-Blitz-January-23-2024"]
[Site "Chess.com"]
[Date "2024.01.23"]
[Round "2"]
[White "Iskusnyh"]
[Black "FairChess_on_YouTube"]
[Result "0-1"]
[WhiteElo "2646"]
[BlackElo "3111"]
[TimeControl "180+1"]
[EndTime "8:17:00 PST"]
[Termination "FairChess_on_YouTube won on time"]

1. d4 Nf6 2. c4 e6 3. g3 d5 4. Bg2 Be7 5. Nf3 O-O 6. O-O c6 7. Qc2 Nbd7 8. Rd1 b6 9. b3 Ba6 10. Nbd2 Rc8 11. e4 c5 12. exd5 exd5 13. Bb2 Re8 14. Qf5 g6 15. Qh3 cxd4 16. Nxd4 Bc5 17. cxd5 Ne5 18. N2f3 Nd3 19. Rxd3 Bxd3 20. Ng5 h5 21.
Qh4 Nxd5 22. Rd1 Be7 23. f4 Nb4 24. a3 Bf6 25. axb4 Bxd4+ 0-1

[Event "Early-Titled-Tuesday-Blitz-January-23-2024"]
[Site "Chess.com"]
[Date "2024.01.23"]
[Round "2"]
[White "Artyom_ChessMate"]
[Black "GianmarcoVaR"]
[Result "1-0"]
[WhiteElo "2529"]
[BlackElo "2750"]
[TimeControl "180+1"]
[EndTime "8:17:00 PST"]
[Termination "Artyom_ChessMate won on time"]

1. e4 c6 2. d4 d5 3. exd5 cxd5 4. Bd3 Nc6 5. c3 Nf6 6. Bf4 Bg4 7. Qb3 Qd7 8. Nd2 e6 9. Ngf3 Bd6 10. Bxd6 Qxd6 11.
O-O O-O 12. Rae1 Bxf3 13. Nxf3 Rab8 14. Ne5 b5 15. Bxb5 Nxd4 16. cxd4 a6 17. a4 axb5 18. a5 Nd7 19. f4 Rfc8 20. Ra1 Nxe5 21. fxe5 Qe7 22.
Rf4 Qa7 23. Qd3 b4 24. h4 b3 25. Raf1 Rc7 26. Qf3 Rb4 27. Qg4 Qxa5 28. Qxe6 Rb8 29.
Rxf7 1-0

[Event "Early-Titled-Tuesday-Blitz-January-23-2024"]
[Site "Chess.com"]
[Date "2024.01.23"]
[Round "2"]
[White "Pliukha_Mikhail"]
[Black "leschebaza"]
[Result "1-0"]
[WhiteElo "2750"]
[BlackElo "2404"]
[TimeControl "180+1"]
[EndTime "8:17:00 PST"]
[Termination "Pliukha_Mikhail won by resignation"]

1. e4 e6 2. d4 c5 3. Nc3 cxd4 4. Qxd4 Nc6 5. Qd3 a6 6. Bf4 Nf6 7. O-O-O Qa5 8. a3 Bc5 9. Be2 b5 10.
e5 Ng8 11. Ne4 Qb6 12. Nf3 Nge7 13. Kb1 Nd5 14. Bc1 Rb8 15. c3 Na5 16. Nxc5 Qxc5 17. Qd4 Qc7 18. Qg4 Kf8 19. Rhe1 Bb7 20. Bd3 Nc4 21.
Bxc4 bxc4 22. Ng5 Qd8 23. Qxc4 Bc6 24. h4 h6 25. Ne4 Qxh4 26. g3 Qd8 27. Nd6 Qb6 28.
Rxd5 Bxd5 29. Qf4 f5 30. exf6 e5 31. fxg7+ Kxg7 32. Qxe5+ Kh7 33. Qxd5 Qxd6 34. Qxd6 1-0

[Event "Early-Titled-Tuesday-Blitz-January-23-2024"]
[Site "Chess.com"]
[Date "2024.01.23"]
[Round "2"]
[White "Lennis93"]
[Black "eightbyeightchess"]
[Result "0-1"]
[WhiteElo "2680"]
[BlackElo "2376"]
[TimeControl "180+1"]
[EndTime "8:17:01 PST"]
[Termination "eightbyeightchess won by checkmate"]

1. d4 d5 2. c4 c6 3. Nf3 Nf6 4.
g3 dxc4 5. Bg2 Bf5 6. O-O e6 7. Ne5 Nbd7 8. Nxc4 Be7 9. Nc3 Bb4 10. Qb3 Bxc3 11. bxc3 O-O 12. Qxb7 Rc8 13. Nd6 Rc7 14.
Qa6 Bg6 15. Rb1 Bxb1 16. Ba3 Bg6 17. e4 e5 18. f4 exd4 19. cxd4 c5 20. e5 Ng4 21. Qe2 Nh6 22. f5 cxd4 23. fxg6 hxg6 24. e6 fxe6 25. Qxe6+ Kh7 26. Rd1 Qf6 27. Qxf6 Rxf6 28. Ne8 Rc2 29. Nxf6+ Nxf6 30. Rxd4 Rxa2 31. Ra4 Nhg4 32. h3 Ra1+ 33. Bf1 Ne3 34. Kf2 Nxf1 35. Rxa7 Nd2 36. g4 Nc4 37. Bc5 Rxa7 38. Bxa7 Kg8 39. Kf3 Kf7 40. Kf4 Nd5+ 41. Kg5 Nd6 42. Bb8 Ne4+ 43.
Kh4 g5+ 44. Kh5 Ndf6# 0-1

[Event "Early-Titled-Tuesday-Blitz-January-23-2024"]
[Site "Chess.com"]
[Date "2024.01.23"]
[Round "2"]
[White "alekroth65"]
[Black "lefonghua"]
[Result "0-1"]
[WhiteElo "2360"]
[BlackElo "2629"]
[TimeControl "180+1"]
[EndTime "8:17:01 PST"]
[Termination "lefonghua won by resignation"]

1. d4 Nf6 2. c4 c5 3. d5 e6 4. Nc3 exd5 5. cxd5 d6 6. e4 g6 7. f3 Bg7 8. Bg5 h6 9. Be3 O-O 10. Qd2 Kh7 11. Nge2 Nbd7 12. Ng3 a6 13. a4 Ne5 14. Be2 Bd7 15. a5 b5 16. axb6 Qxb6 17. O-O Rfb8 18.
Ra2 Bb5 19. Nxb5 axb5 20. b4 Nfd7 21. Rfa1 Nxf3+ 22. gxf3 Bxa1 23. Rxa8 Rxa8 24. Bxh6 cxb4+ 25. Be3 Qc7 26. Qxb4 Qc3 27. Qxc3 Bxc3 28. Bxb5 Ne5 29. Kf2 Ra2+ 30. Ne2 f6 31. h3 g5 32. f4 gxf4 33. Bxf4 Bd4+ 34. Kg2 Bc5 35. h4 Rb2 36. Ba6 Kg6 37. Bxe5 fxe5 38. Kf3 Rb3+ 39. Kg4 Bf2 40. h5+ Kf6 41. Bc8 Re3 42. Nc1 Rxe4+ 43. Kf3 Rf4+ 44.
Ke2 Bd4 0-1

[Event "Early-Titled-Tuesday-Blitz-January-23-2024"]
[Site "Chess.com"]
[Date "2024.01.23"]
[Round "2"]
[White "GiorgianBarbosa"]
[Black "ChessboArt"]
[Result "0-1"]
[WhiteElo "2452"]
[BlackElo "2186"]
[TimeControl "180+1"]
[EndTime "8:17:01 PST"]
[Termination "ChessboArt won by checkmate"]

1. e4 c6 2. c4 d5 3. cxd5 cxd5 4. exd5 Nf6 5. Nc3 Nxd5 6. Bc4 e6 7. Nf3 Nc6 8. O-O Be7 9. d4 O-O 10. Bxd5 exd5 11. h3 Bf5 12. Re1 Bf6 13. Bf4 Rc8 14.
Ne5 h6 15. Qd2 Re8 16. Nxc6 bxc6 17. Be5 Bxe5 18. dxe5 d4 19. Na4 c5 20. b3 Qd5 21.
Qf4 Bd3 22. Rad1 Bb5 23. Nb2 Re6 24. Re3 Rce8 25. Rg3 Qxe5 26. Qg4 Rg6 27. Qf3 Rxg3 28. Qxg3 Qxg3 29. fxg3 Re2 30. Rb1 d3 31. a4 Ba6 32. Rd1 Rxb2 33. Kh2 Bb7 34. g4 Rxg2+ 35. Kh1 Rd2+ 36. Kg1 Rxd1+ 37. Kf2 Rd2+ 38. Ke3 Re2+ 39. Kxd3 Rh2 40. Kc4 Rxh3 41. Kxc5 Rxb3 42. a5 Rb2 43.
Kd6 a6 44. Kc7 Rb5 45. Kb8 Rxa5 46. Ka7 Ra4 47. Kb6 Rxg4 48. Kxb7 Rg5 49. Kxa6 h5 50. Kb6 h4 51. Kc6 h3 52. Kd6 f6 53. Ke7 h2 54.
Kd6 h1=Q 55. Ke7 Qb7+ 56. Ke8 Re5+ 57. Kd8 Rd5+ 58. Ke8 Qd7# 0-1

[Event "Early-Titled-Tuesday-Blitz-January-23-2024"]
[Site "Chess.com"]
[Date "2024.01.23"]
[Round "2"]
[White "ChessLebaneseSalah"]
[Black "GeorgiosSouleidis"]
[Result "1-0"]
[WhiteElo "2389"]
[BlackElo "2646"]
[TimeControl "180+1"]
[EndTime "8:17:03 PST"]
[Termination "ChessLebaneseSalah won by checkmate"]

1. e4 c5 2. Nf3 e6 3. c3 d5 4. e5 d4 5. Na3 Ne7 6. cxd4 cxd4 7. Bb5+ Nec6 8. Qa4 Bd7 9. Nc4 Be7 10. Nd6+ Bxd6 11. exd6 e5 12. O-O O-O 13. Re1 Qf6 14. Qa3 Re8 15. Bd3 Bf5 16. Bxf5 Qxf5 17. d3 Nd7 18. Bd2 Rad8 19. Ng5 Nf6 20. Ne4 Nxe4 21. Rxe4 Qf6 22. f4 exf4 23. Rae1 Rxe4 24. Rxe4 g5 25. d7 Rxd7 26. Re8+ Kg7 27. Qf8+ Kg6 28. h4 gxh4 29. Re4 f3 30. Qg8+ Kf5 31. Qg4# 1-0

[Event "Early-Titled-Tuesday-Blitz-January-23-2024"]
[Site "Chess.com"]
[Date "2024.01.23"]
[Round "2"]
[White "NLLO777"]
[Black "LaPiToB"]
[Result "1-0"]
[WhiteElo "2538"]
[BlackElo "2324"]
[TimeControl "180+1"]
[EndTime "8:17:03 PST"]
[Termination "NLLO777 won by resignation"]

1. Nf3 Nf6 2. g3 d5 3. Bg2 c5 4. O-O Nc6 5. c4 e6 6. cxd5 exd5 7. d4 Be7 8. Nc3 O-O 9. b3 Bf5 10. Bb2 Rc8 11. Rc1 Re8 12. dxc5 Bxc5 13. Nb5 Bb6 14. Nbd4 Bg6 15. e3 Ne4 16. Qe2 Nc5 17. Rfd1 Nb4 18. Ba1 Nbd3 19. Rc3 Ba5 20. Rc2 Ne5 21. Nxe5 Bxc2 22.
Nxc2 Qb6 23. Nd3 Ne4 24. Nf4 Bc3 25. Nxd5 Qa5 26. Bxe4 Bxa1 27. Bf3 Be5 28. Nd4 h6 29. h4 Red8 30. Ne7+ Kf8 31. Nxc8 Rxc8 32. a4 Qc3 33. Qb5 Bxd4 34. Rxd4 a6 35. Qb4+ Qxb4 36. Rxb4 1-0